 Dungeon Crawl Stone Soup version 0.21-a0-404-g291f19a (webtiles) character file.

7448 Spoonicorn the Cleaver (level 10, -5/135 HPs)
             Began as a Minotaur Berserker on Oct 31, 2017.
             Was a High Priest of Trog.
             Slain by a vampire (6 damage)
             ... on level 9 of the Dungeon.
             The game lasted 00:30:11 (7544 turns).

Spoonicorn the Cleaver (Minotaur Berserker)         Turns: 7544, Time: 00:30:12

Health: -5/135     AC: 12    Str: 28    XL:     10   Next: 93%
Magic:  9/9        EV: 13    Int:  4    God:    Trog [*****.]
Gold:   182        SH:  6    Dex: 12    Spells: 9/9 levels left

rFire    . . .     SeeInvis .   p - +4 hand axe
rCold    . . .     Gourm    .   (no shield)
rNeg     . . .     Faith    .   M - +3 scale mail "Zoibb" {+Inv}
rPois    .         Spirit   .   (helmet restricted)
rElec    .         Reflect  +   l - +0 cloak
rCorr    .         Harm     .   (no gloves)
MR       .....                  (no boots)
Stlth    ..........             B - +6 amulet of reflection
HPRegen  0.32/turn              A - ring of stealth
MPRegen  0.11/turn              (no ring)

@: berserking (expiring), very quick
A: retaliatory headbutt, horns 2
a: Berserk, Trog's Hand, Brothers in Arms, Burn Spellbooks, Renounce Religion,
Evoke Invisibility


You were on level 9 of the Dungeon.
You worshipped Trog.
Trog was extremely pleased with you.
You were near starving.

You visited 1 branch of the dungeon, and saw 9 of its levels.

You collected 319 gold pieces.
You spent 137 gold pieces at shops.

Inventory:

Hand Weapons
 p - a +4 hand axe (weapon)
 E - a +0 battleaxe
Armour
 b - a +0 animal skin
 l - a +0 cloak (worn)
 r - a +1 scale mail of positive energy
 M - the +3 scale mail "Zoibb" (worn) {+Inv}
   (You found it on level 8 of the Dungeon)

   It lets you turn invisible.
Jewellery
 o - an uncursed amulet of the gourmand
 A - a ring of stealth (left hand)
 B - a +6 amulet of reflection (around neck)
Scrolls
 d - 4 scrolls of identify
 h - 3 scrolls of enchant weapon {unknown}
 i - 2 scrolls of blinking
 k - a scroll of remove curse
 q - 2 scrolls of fog
 v - 2 scrolls of enchant armour {unknown}
 x - 5 scrolls of teleportation
 y - 3 scrolls of magic mapping {unknown}
 D - 2 scrolls of recharging {unknown}
 G - a scroll of immolation {unknown}
 K - a scroll of random uselessness {unknown}
Potions
 e - a potion of mutation
 f - 2 potions of might {unknown}
 j - a potion of curing
 s - 2 potions of cancellation
 t - a potion of haste {unknown}
 u - a potion of lignification {unknown}
 w - 3 potions of heal wounds {unknown}
 z - a potion of berserk rage {unknown}
 C - a potion of flight {unknown}
 F - 2 potions of brilliance {unknown}
 J - a potion of resistance {unknown}
 L - 2 potions of ambrosia {unknown}
Books
 H - a book of Minor Magic

   Spells                             Type                      Level
   a - Magic Dart                     Conjuration                  1
   b - Blink                          Translocation                2
   c - Call Imp                       Summoning                    2
   d - Slow                           Hexes                        2
   e - Conjure Flame                  Conjuration/Fire             3
   f - Mephitic Cloud                 Conjuration/Poison/Air       3
   Trog disapproves of the use of such an item.
 I - a book of Maledictions

   Spells                             Type                      Level
   a - Corona                         Hexes                        1
   b - Ensorcelled Hibernation        Hexes/Ice                    2
   c - Confuse                        Hexes                        3
   d - Tukima's Dance                 Hexes                        3
   e - Dazzling Spray                 Conjuration/Hexes            3
   Trog disapproves of the use of such an item.
Comestibles
 a - 3 fruits
 c - 7 bread rations
 g - 3 chunks of flesh
 m - 5 royal jellies
 n - 4 meat rations


   Skills:
 + Level 8.6 Fighting
 * Level 14.9 Axes
 + Level 9.4 Armour
 + Level 5.4 Dodging


You had 9 spell levels left.
You didn't know any spells.

Dungeon Overview and Level Annotations

Branches:
Dungeon (9/15)             Temple (0/1) D:4            Lair (0/6) D:9
    Orc: D:9-12

Altars:
Cheibriados
Dithmenos
Elyvilon
Fedhas
Okawaru
Qazlal
Ru
Uskayaw
Wu Jian

Shops:
D:5 ?   D:8 *


Innate Abilities, Weirdness & Mutations

You reflexively headbutt those who attack you in melee.
You have a pair of horns on your head.


Message History

You barely miss the vampire. Your headbutt misses the vampire.
The vampire is lightly damaged.
The vampire mumbles some strange words.
The vampire flickers and vanishes!
Deactivating autopickup; reactivate with Ctrl-A.
You miss something. Your headbutt misses something. You barely miss something.
Your headbutt misses something. You hit something.
Your headbutt misses something. Something hits you but does no damage.
Something bites you.
* * * LOW HITPOINT WARNING * * *
Something draws strength from your injuries!
You are near starving!
You miss something. You headbutt something! You closely miss something.
Unholy energy fills the air.
* * * LOW HITPOINT WARNING * * *
You completely miss something. You hit something. You barely miss something.
Something hits you but does no damage. Something bites you.
You die...

.P ........#..#.#.#.##
.P.♣♣.P...P............#
...P>P......?.##........
..........♣.#.# .>.....
.%........♣...# #...#
.PPPPPP..P..#.# #...#
..........P.#.####..<#
P..PPP...†÷...).†....###
..P.♣.@{..)).††........
#...P.#.###..####†#####
###...#.# #..# #.#
/...........# #.#
#.###.#.###.## #.# ..
#.#.# #.. #.# . #.#.#
##. #.# ....# . #.# #.#


There were no monsters in sight!

Vanquished Creatures
  A two-headed ogre (D:8)
  Maurice (D:8)
  Psyche (D:8)
  Joseph (D:8)
  The ghost of Moebius the Shield-Bearer, a novice GrFi of Qazlal (D:4)
  A hippogriff (D:8)
  A spriggan (D:8)
  A wyvern (D:8)
  A hungry ghost (D:7)
  3 porcupines (D:9)
  A water moccasin (D:9)
  An ice beast (D:7)
  4 sky beasts
  3 orc warriors (D:8)
  3 black bears
  5 ogres
  A phantom (D:4)
  3 wolves (D:9)
  2 centaurs
  3 crocodiles (D:9)
  2 big kobolds
  2 bullfrogs (D:8)
  A gnoll sergeant (D:5)
  3 scorpions
  10 killer bees (D:8)
  3 wights (D:6)
  3 howler monkeys
  2 crimson imps
  A jelly (D:7)
  A bullfrog zombie (D:8)
  A centaur zombie (D:5)
  4 hounds
  7 orc priests
  7 orc wizards
  A centaur skeleton (D:9)
  Jessica (D:3)
  A bullfrog skeleton (D:5)
  3 worker ants
  3 iguanas
  6 adders
  7 gnolls
  2 shadow imps
  2 oozes
  4 dart slugs
  2 worms
  5 leopard geckos
  39 orcs
  3 ball pythons
  7 giant cockroaches
  9 goblins
  10 hobgoblins
  9 jackals
  3 quokkas
  6 bats
  4 frilled lizards
  A giant cockroach zombie (D:5)
  A jackal skeleton (D:4)
  15 kobolds
  A leopard gecko skeleton (D:5)
  A quokka zombie (D:7)
  7 rats
238 creatures vanquished.

Notes
Turn   | Place    | Note
-------+----------+-------------------------------------------
     0 | D:1      | Spoonicorn the Minotaur Berserker began the quest for the Orb.
     0 | D:1      | Reached XP level 1. HP: 19/19 MP: 0/0
    55 | D:1      | Reached skill level 4 in Axes
    63 | D:1      | Reached XP level 2. HP: 14/27 MP: 1/1
   304 | D:1      | Reached XP level 3. HP: 11/33 MP: 2/2
   325 | D:1      | Reached ** piety under Trog
  1473 | D:3      | Reached skill level 5 in Axes
  1484 | D:3      | Reached XP level 4. HP: 32/40 MP: 3/3
  1534 | D:3      | Reached skill level 6 in Axes
  1541 | D:3      | Reached XP level 5. HP: 45/47 MP: 4/4
  1650 | D:3      | Noticed Jessica
  1655 | D:3      | Killed Jessica
  1685 | D:3      | Noticed a black bear
  1691 | D:3      | Killed a black bear
  1691 | D:3      | Reached skill level 7 in Axes
  1691 | D:3      | Reached XP level 6. HP: 45/53 MP: 5/5
  1826 | D:3      | Reached *** piety under Trog
  2116 | D:3      | Found an ornate altar of the Wu Jian Council.
  2116 | D:3      | Found a shadowy altar of Dithmenos.
  2301 | D:3      | Found an iron altar of Okawaru.
  2430 | D:4      | Noticed Moebius's ghost (novice GrFi)
  2442 | D:4      | Killed Moebius's ghost
  2442 | D:4      | Reached skill level 5 in Fighting
  2442 | D:4      | Reached skill level 8 in Axes
  2442 | D:4      | Reached XP level 7. HP: 46/61 MP: 6/6
  2450 | D:4      | Found a staircase to the Ecumenical Temple.
  2682 | D:4      | Reached skill level 9 in Axes
  3044 | D:4      | Found a white marble altar of Elyvilon.
  3228 | D:5      | Entered Level 5 of the Dungeon
  3294 | D:5      | Reached XP level 8. HP: 66/68 MP: 7/7
  3325 | D:5      | Found Cumabe Sosm's Magic Scroll Shoppe.
  3332 | D:5      | Bought a scroll of teleportation for 33 gold pieces
  3332 | D:5      | Bought a scroll of identify for 22 gold pieces
  3332 | D:5      | Bought a scroll of blinking for 82 gold pieces
  3376 | D:5      | Reached skill level 10 in Axes
  3384 | D:5      | Found a stormy altar of Qazlal.
  3409 | D:5      | Reached **** piety under Trog
  3471 | D:5      | Reached skill level 5 in Armour
  3831 | D:5      | Reached skill level 11 in Axes
  4139 | D:5      | Found a sacrificial altar of Ru.
  4730 | D:6      | Found a snail-covered altar of Cheibriados.
  4896 | D:7      | Reached XP level 9. HP: 58/75 MP: 8/8
  4933 | D:7      | Reached skill level 12 in Axes
  5072 | D:7      | Found a blossoming altar of Fedhas.
  5223 | D:7      | Found a hide-covered altar of Uskayaw.
  5522 | D:8      | Noticed Joseph
  5522 | D:8      | Noticed Psyche
  5568 | D:8      | Noticed a two-headed ogre
  5863 | D:8      | Killed a two-headed ogre
  5866 | D:8      | Reached skill level 13 in Axes
  5991 | D:8      | Reached ***** piety under Trog
  5992 | D:8      | Reached XP level 10. HP: 77/86 MP: 9/9
  6568 | D:8      | Noticed Maurice
  6583 | D:8      | Killed Maurice
  6699 | D:8      | Killed Joseph
  6699 | D:8      | Reached skill level 14 in Axes
  6710 | D:8      | Got a translucent scale mail
  6721 | D:8      | Identified the +3 scale mail "Zoibb" {+Inv} (You found it on level 8 of the Dungeon)
  6754 | D:8      | Killed Psyche
  7051 | D:8      | Reached skill level 5 in Dodging
  7089 | D:8      | Found Kaip Zupn's Changing Room.
  7486 | D:9      | Found a staircase to the Lair.
  7541 | D:9      | HP: 1/135 [something/vampiric draining (10)]
  7544 | D:9      | Slain by a vampire

Vault maps used:
D:1:      lightli_arrival_windingriver
D:3:      gammafunk_temple_overflow_wave, okawaru_gym_becter, uniq_jessica
D:4:      lemuel_crystal_altar, minmay_temple_entry_statues, first_bread
D:5:      grunt_qazlal_clouds, serial_shops,
          nicolae_shop_temple_entry_statues_fountains, nicolae_ru_path_of_blood
D:6:      cheibriados_altar_1
D:7:      lemuel_round_altar, lemuel_crystal_altar
D:8:      the_bakery, nicolae_transmutations_shop, uniq_joseph, uniq_maurice,
          uniq_psyche
D:9:      minmay_lair_entry_grove, serial_glass, glass_columns_a,
          glass_columns_a, glass_columns_a, glass_columns_b, glass_columns_b,
          glass_columns_a, glass_columns_b, glass_columns_a, minivault_13

Skill      XL: |  1  2  3  4  5  6  7  8  9 10 |
---------------+-------------------------------+-----
Axes           | 4 5 6 7 8 9 11 13 14 | 14.9
Fighting       | 4 5 6 7 8 |  8.6
Armour         | 3 4 6 8 9 |  9.4
Dodging        | 3 4 5 |  5.4

Action                   |  1- 3 |  4- 6 |  7- 9 | 10-12 || total
-------------------------+-------+-------+-------+-------++-------
Melee: Hand axe          |    85 |    93 |   289 |   193 ||   660
       Headbutt          |    10 |    19 |    63 |    40 ||   132
Invok: Berserk           |       |     2 |     5 |     3 ||    10
  Use: Scroll            |       |       |     8 |       ||     8
       Potion            |       |       |     2 |     1 ||     3
  Eat: Chunk             |     1 |    15 |    47 |    21 ||    84
       Meat ration       |       |       |     1 |       ||     1
Armor: Animal skin       |    10 |       |       |       ||    10
       Scale mail        |     8 |    30 |    87 |    65 ||   190
Dodge: Dodged            |    46 |    41 |   122 |    86 ||   295
Block: Other             |       |       |    26 |    43 ||    69
       Reflection        |       |       |     1 |     4 ||     5

Table legend:
 A = Spawn XP
 B = Non-spawn XP
 C = Spawn XP percentage of total XP
 D = Spawn monster count
 E = Non-spawn monster count
 F = Spawn count percentage of total count
 G = Total turns spent on level
                    A         B        C        D         E        F      G
               +---------+---------+-------+---------+---------+-------+---------
         Total |       0 |   10641 |   0.0 |       0 |     238 |   0.0 |  7544
               +---------+---------+-------+---------+---------+-------+---------
           D:1 |       0 |      50 |   0.0 |       0 |      28 |   0.0 |   688
           D:2 |       0 |      23 |   0.0 |       0 |       6 |   0.0 |   783
           D:3 |       0 |     485 |   0.0 |       0 |      50 |   0.0 |   943
           D:4 |       0 |     832 |   0.0 |       0 |      22 |   0.0 |   814
           D:5 |       0 |     810 |   0.0 |       0 |      28 |   0.0 |  1115
           D:6 |       0 |     542 |   0.0 |       0 |       9 |   0.0 |   482
           D:7 |       0 |     986 |   0.0 |       0 |      19 |   0.0 |  1505
           D:8 |       0 |    5038 |   0.0 |       0 |      53 |   0.0 |  1100
           D:9 |       0 |    1875 |   0.0 |       0 |      23 |   0.0 |   114
               +---------+---------+-------+---------+---------+-------+---------
